AoeStats
← Hakdonis

Black Forest

509667261Analyzed
4v4 RM · 5d ago on Sep 27, 2026· 26m 51s· 8 players
Game mode
Random Map
Map size
Large (8 player)
Population
200
Speed
Normal
Resources
Standard
Victory
Conquest
Starting age
Dark Age
Ending age
Imperial Age
RankedLock teamsTeams togetherTeam positionsShared explorationLock speedFull tech treeHidden civsTurbo modeCheats
Victory
Defeat
🇦🇷 Gurjaras · Argentina
1026
+15
🇦🇷 Persians · Argentina
991
+16
🇩🇪 Khmer · Germany
939
+20
🇺🇾 Byzantines · Uruguay
923
+19
🇦🇹 Celts · Austria
1021
-18
🇪🇸 Magyars · Spain
1012
-18
🇨🇿 Cumans · Czechia
982
-17
🇹🇼 Bohemians · Taiwan
979
-17
Mr.MoneyBoy
1:09 Loom
6:15 Loom
11:49 Feudal Age
17:27 Castle Age
15:58 Double-Bit Axe
16:22 Horse Collar
18:51 Bow Saw
espartakus 0_o
1:23 Loom
13:18 Feudal Age
14:32 Town Watch
15:22 Wheelbarrow
18:33 Fletching
20:04 Padded Archer Armor
26:42 Castle Age
Grubik
8:19 Loom
11:38 Feudal Age
12:30 Double-Bit Axe
13:42 Horse Collar
26:26 Castle Age
26:55 Stone Mining
Dark_Knight
0:27 Loom
12:02 Feudal Age
17:42 Castle Age
16:33 Double-Bit Axe
16:32 Horse Collar
18:38 Bow Saw
26:05 Wheelbarrow
Hakdonis
1:31 Loom
11:45 Feudal Age
17:38 Castle Age
15:38 Double-Bit Axe
16:16 Horse Collar
16:56 Stone Mining
18:45 Bow Saw
26:28 Heavy Plow
27:58 Wheelbarrow
Luxso
1:05 Loom
12:19 Feudal Age
16:06 Castle Age
14:17 Double-Bit Axe
18:17 Gold Mining
25:56 Gold Shaft Mining
25:34 Bow Saw
Pocho32
6:24 Loom
12:37 Feudal Age
18:04 Castle Age
16:19 Double-Bit Axe
22:30 Scale Mail Armor
22:19 Gambesons
22:35 Squires
Alessa
14:27 Feudal Age
12:43 Loom
18:27 Castle Age
17:08 Double-Bit Axe
17:49 Horse Collar
Connection lost

Rejoining the realm…

Still unreachable

The connection could not be restored.

Session expired

The server has moved on; the page needs a fresh start.